[Event "US Open 2021"]
[Site "Crowne Plaza Cherry Hill, United States"]
[Date "2021.07.31"]
[Round "1.1"]
[White "Bruzon Batista, Lazaro"]
[Black "Kaur, Aradh"]
[Result "1-0"]
[TimeControl "40/100;SD/30;+30"]
[WhiteElo "2725"]
[BlackElo "1690"]

1. e4 e5 2. Nf3 Nc6 3. Bb5 a6 4. Ba4 Nf6 5. O-O Be7 6. Bxc6 bxc6 7. Re1 d6 8.
d4 exd4 9. Nxd4 Bb7 10. Nf5 O-O 11. Bg5 Re8 12. Qf3 Bc8 13. Nxe7+ Qxe7 14. Nc3 Qe5 15. Bf4 Qe7 16. e5 Bb7 17. Re3 dxe5 18. Bxe5 Rad8 19. Rae1 Qd7 20.
Bxf6 Rxe3 21. fxe3 gxf6 22. Ne4 Qe7 23. Nxf6+ Kh8 24. Qf5 Kg7 25. Qg5+ Kh8 26. Qh6 1-0

[Event "US Open 2021"]
[Site "Crowne Plaza Cherry Hill, United States"]
[Date "2021.07.31"]
[Round "1.2"]
[White "Yan, Henry"]
[Black "Gledura, Benjamin"]
[Result "0-1"]
[TimeControl "40/100;SD/30;+30"]
[WhiteElo "1873"]
[BlackElo "2721"]

1. e4 c5 2. d4 cxd4 3. c3 Nf6 4. e5 Nd5 5. Bc4 Nb6 6. Bb3 e6 7. Nf3 d6 8. O-O dxe5 9. Nxe5 Be7 10. Qh5 O-O 11. Bc2 f5 12. Rd1 Qc7 13. Bf4 Bd6 14.
Re1 Nd5 15. Bg3 Nd7 16. f4 Nxf4 17. Bxf4 Nxe5 18. Na3 dxc3 19. Bxe5 Bxe5 20. Kh1 cxb2 21. Rad1 Bf6 22. Bb3 Kh8 23.
Nb5 Qe7 24. Rd3 Qb4 0-1

[Event "US Open 2021"]
[Site "Crowne Plaza Cherry Hill, United States"]
[Date "2021.07.31"]
[Round "1.3"]
[White "Lenderman, Aleksandre"]
[Black "Bernui, Lucas"]
[Result "1-0"]
[TimeControl "40/100;SD/30;+30"]
[WhiteElo "2703"]
[BlackElo "1672"]

1. b3 d5 2. Bb2 c5 3. e3 Nc6 4. Nf3 Bg4 5. Bb5 Rc8 6.
h3 Bxf3 7. Qxf3 a6 8. Bxc6+ Rxc6 9. O-O Nf6 10. d3 g6 11. c4 dxc4 12. dxc4 Bg7 13. Rd1 Qc8 14. Nc3 Nd7 15. Rd2 Ne5 16. Qg3 O-O 17. Rad1 f5 18.
Nd5 Qe6 19. Nf4 Qf7 20. Rd5 Nf3+ 21.
Qxf3 Bxb2 22. Nd3 Bg7 23. Nxc5 Rc7 24.
Nd7 Rfc8 25. Nb6 Re8 26. Rd7 Rxd7 27. Rxd7 Qf6 28. Qxb7 Qa1+ 29. Kh2 Be5+ 30. f4 Bf6 31. Nd5 Kf7 32. Nc7 Rh8 33. Qd5+ Kg7 34. Ne6+ Kh6 35. Qd2 Qf1 36. c5 Rg8 37. Rd8 Rxd8 38. Qxd8 Qf2 39. c6 Bh4 40. Qf8+ Kh5 41. Ng7+ Kh6 42. Nxf5+ Kh5 43. Nxh4 Qxh4 1-0

[Event "US Open 2021"]
[Site "Crowne Plaza Cherry Hill, United States"]
[Date "2021.07.31"]
[Round "1.4"]
[White "Pineda-Bermudez, Mari"]
[Black "Burke, John Michael"]
[Result "0-1"]
[TimeControl "40/100;SD/30;+30"]
[WhiteElo "1667"]
[BlackElo "2640"]

1. d4 d5 2. Nf3 Nf6 3. g3 g6 4. Bg2 Bg7 5. O-O O-O 6. b3 c5 7. Bb2 Ne4 8. c4 dxc4 9. bxc4 Nc6 10.
e3 Bg4 11. Qc2 Bf5 12. Nh4 Nxg3 13. Nxf5 Nxf5 14. dxc5 Qa5 15. Bxg7 Nxg7 16. Nc3 Qxc5 17. Nd5 Ne8 18. Rab1 Nd6 19.
Rfd1 Rab8 20. Qd3 Nxc4 21. Rdc1 b5 22. Nc7 N6e5 0-1

[Event "US Open 2021"]
[Site "Crowne Plaza Cherry Hill, United States"]
[Date "2021.08.03"]
[Round "1.5"]
[White "Wei, James"]
[Black "Nyzhnyk, Illia"]
[Result "0-1"]
[TimeControl "40/100;SD/30;+30"]
[BlackTitle "GM"]
[WhiteElo "1833"]
[BlackElo "2778"]

1. e4 c5 2. Nf3 g6 3. d4 cxd4 4. Nxd4 Nf6 5. Nc3 Bg7 6. Be3 O-O 7. f3 Nc6 8. Qd2 d5 9. exd5 Nxd5 10. Nxd5 Qxd5 11. Nxc6 Qxc6 12. O-O-O Bf5 13.
Bd3 Rad8 14. Qe2 Bxd3 15. Rxd3 Qb5 16. b3 Qe5 17. c3 Qa5 18. Kb2 Rxd3 19. Qxd3 Rd8 20. Qc2 b5 21. a3 b4 22. axb4 Qxb4 23. Ra1 a5 24. Ra4 Qb5 25. Bd4 e5 26. Be3 h6 27. Bd2 Qf1 28. Bc1 Rd3 29. Ra1 e4 30. Bf4 Bxc3+ 31. Qxc3 Qxa1+ 32. Kxa1 Rxc3 33. Kb2 exf3 0-1

[Event "US Open 2021"]
[Site "Crowne Plaza Cherry Hill, United States"]
[Date "2021.08.03"]
[Round "1.6"]
[White "Cordova Daza, Emilio"]
[Black "Koblentz, Michael"]
[Result "1-0"]
[TimeControl "40/100;SD/30;+30"]
[WhiteTitle "GM"]
[WhiteElo "2646"]
[BlackElo "1826"]

1. d4 Nf6 2. Bg5 Ne4 3. Bf4 c5 4. f3 Qa5+ 5. c3 Nf6 6. d5 d6 7. e4 g6 8.
Nd2 Nbd7 9. a4 Bg7 10. Nc4 Qc7 11. Qd2 b6 12. h4 h5 13. Nh3 Rb8 14. Ng5 a6 15. e5 Nxe5 16. Bxe5 dxe5 17. d6 exd6 18. Nxd6+ Ke7 19. Ndxf7 Rf8 20. Bc4 Ne8 21.
O-O Qd7 22. Qe2 Qf5 23. f4 Qg4 24. Rf3 Bb7 25. Nxe5 Bxf3 26. Nexf3+ Kd7 1-0

[Event "US Open 2021"]
[Site "Crowne Plaza Cherry Hill, United States"]
[Date "2021.08.03"]
[Round "1.7"]
[White "Gupta, Anand"]
[Black "Sorokin, Aleksey"]
[Result "0-1"]
[TimeControl "40/100;SD/30;+30"]
[BlackTitle "GM"]
[WhiteElo "1816"]
[BlackElo "2628"]

1. d4 Nf6 2. c4 g6 3. Nc3 d5 4. cxd5 Nxd5 5. e4 Nxc3 6. bxc3 Bg7 7. Bc4 c5 8. Ne2 Nc6 9. Be3 O-O 10. O-O b6 11. Bd5 Qc7 12. Bf4 Qd7 13. Bxc6 Qxc6 14. d5 Qb5 15. Re1 Qc4 16. Qc2 e6 17.
d6 e5 18. Be3 Bb7 19. f3 Rfd8 20. Rad1 Qe6 21. c4 Ba6 22. Rd5 Bb7 23. Nc3 Bxd5 24. Nxd5 Qxd6 25. Rd1 Qf8 26. g4 Kh8 27. Qg2 f5 28. Kh1 Rd7 29.
g5 fxe4 30. fxe4 Rf7 31. Kg1 Qc8 32.
Rf1 Rxf1+ 33. Kxf1 Qa6 34. Qe2 Rf8+ 35. Kg1 Qc8 36. Qg2 Qd7 37. h4 b5 38. h5 gxh5 39. cxb5 Qxb5 40. Ne7 c4 41. g6 Qd7 42. Nf5 Qd1+ 43. Kh2 Qg4 44. Qc2 hxg6 45.
Nxg7 Rf3 0-1

[Event "US Open 2021"]
[Site "Crowne Plaza Cherry Hill, United States"]
[Date "2021.08.03"]
[Round "1.8"]
[White "Benjamin, Joel"]
[Black "Wang, Lilian"]
[Result "1-0"]
[TimeControl "40/100;SD/30;+30"]
[WhiteTitle "GM"]
[WhiteElo "2586"]
[BlackElo "1815"]

1. d4 d5 2. c4 e6 3. Nc3 c5 4. cxd5 exd5 5. Nf3 Nc6 6. g3 c4 7. Bg2 Bb4 8. O-O Nge7 9. Bf4 Bxc3 10. bxc3 O-O 11. Rb1 a6 12. a4 Qa5 13.
Qd2 b5 14. Bd6 Be6 15. Ne5 Rfd8 16. Bc5 f6 17. Nxc6 Nxc6 18. e4 Rab8 19. exd5 Bxd5 20. Bxd5+ Rxd5 21. Qe3 Rxc5 22. dxc5 Ne5 23. f4 Nd3 24. Qe6+ Kh8 25. Qxc4 Rd8 26. axb5 axb5 27. Rxb5 Qc7 28. Rd1 1-0

[Event "US Open 2021"]
[Site "Crowne Plaza Cherry Hill, United States"]
[Date "2021.08.03"]
[Round "1.9"]
[White "Krishna, Rohan"]
[Black "Matviishen, Viktor"]
[Result "0-1"]
[TimeControl "40/100;SD/30;+30"]
[BlackTitle "IM"]
[WhiteElo "1800"]
[BlackElo "2575"]

1. e4 e5 2. Nf3 Nc6 3. d4 exd4 4. Bc4 Nf6 5. e5 d5 6. Bb5 Ne4 7. Nxd4 Bd7 8. Bxc6 bxc6 9. O-O Bc5 10. f3 Ng5 11. f4 Ne4 12. Be3 Bb6 13. Nd2 Nxd2 14.
Qxd2 c5 15. Nf3 d4 16. Bf2 Bc6 17. Bh4 Qd7 18. e6 fxe6 19. Ne5 Qd5 20. Nxc6 Qxc6 21. f5 Kd7 22. fxe6+ Qxe6 23. Rae1 Qd5 24.
Re7+ Kc6 25. Rff7 Rae8 26. Rxg7 Qxa2 27. g4 Rxe7 28. Rxe7 Qxb2 29. Qg2+ Kb5 30. c4+ dxc3 31. Re2 c2 32. Rxc2 c4+ 33. Kf1 Qb1+ 34. Be1 Rf8+ 0-1

[Event "US Open 2021"]
[Site "Crowne Plaza Cherry Hill, United States"]
[Date "2021.08.03"]
[Round "1.10"]
[White "Molner, Mackenzie S"]
[Black "Thau, Peter"]
[Result "1-0"]
[TimeControl "40/100;SD/30;+30"]
[WhiteTitle "GM"]
[WhiteElo "2517"]
[BlackElo "1800"]

1. e4 e6 2. f4 Nf6 3. e5 Nd5 4. d4 c5 5. c4 Nc7 6.
d5 d6 7.
Nc3 f5 8. Nf3 Be7 9. Be3 Nba6 10. Qd2 O-O 11. O-O-O Ne8 12. g3 g6 13. Bg2 Rb8 14. h4 Ng7 15. exd6 Qxd6 16. Ne5 Rd8 17. Bf3 Kf8 18. h5 Nxh5 19. Bxh5 gxh5 20. Rxh5 Kg7 21.
Rdh1 Rh8 22. Qh2 1-0